| TOP OF THE 1ST |
|
Covington Blue Sox batting - Pitching for Blacksburg Tribe : RHP John Asbell
|
|
Pitching: RHP John Asbell
|
|
|
Batting: RHB Douglas Palmer
|
0-0: Ball 1-0: Foul Ball, location: 2F 1-1: Swinging Strike 1-2: Foul Ball, location: 2F 1-2: Foul Ball, location: 2F 1-2: Foul Ball, location: 2F 1-2: Ground out 5-3 (Groundball, 5, EV 105.0 MPH)
|
|
Batting: RHB Joseph Tarver
|
0-0: Ball 1-0: Foul Ball, location: 2F 1-1: Foul Ball, location: 2F 1-2: Ball 2-2: Ball 3-2: Foul Ball, location: 2F 3-2: Strikes out swinging
|
|
Batting: LHB Tito Nanni
|
0-0: Ball 1-0: Fly out, F5 (Popup, 15, EV 86.9 MPH)
|
| Top of the 1st over - 0 runs, 0 hits, 0 errors, 0 left on base; Covington 0 - Blacksburg 0 |
| BOTTOM OF THE 1ST |
|
Blacksburg Tribe batting - Pitching for Covington Blue Sox : RHP Javier Landeros
|
|
Pitching: RHP Javier Landeros
|
|
|
Batting: RHB Jesus Alcala
|
0-0: Called Strike 0-1: SINGLE (Groundball, 6M, EV 99.4 MPH)
|
|
Batting: RHB Jay Munson
|
0-0: Swinging Strike 0-1: Ball 1-1: Ball 2-1: Foul Ball, location: 2F 2-2: Foul Ball, location: 2F 2-2: Ball 3-2: Base on Balls Jesus Alcala to second
|
|
Batting: LHB George Cecchetti
|
0-0: Ball 1-0: 3-RUN HOME RUN (Flyball, 89XD, EV 105.6 MPH), Distance : 420 ft
|
|
Batting: RHB Alwin Creel
|
0-0: Swinging Strike 0-1: Ball 1-1: Swinging Strike 1-2: Ball 2-2: Ball 3-2: Base on Balls
|
|
Batting: RHB Omar Mora
|
0-0: Ball 1-0: Ball 2-0: Ball 3-0: Called Strike 3-1: Base on Balls Alwin Creel to second
|
|
Batting: LHB Jose Infante
|
0-0: Called Strike 0-1: Ball 1-1: Foul Ball, location: 2F 1-2: DOUBLE (Line Drive, 89M, EV 91.3 MPH) Alwin Creel scores Omar Mora to third Runner from 3rd tries for Home, SAFE, no throw by CF
|
|
Batting: SHB Gary Miller-Jones
|
0-0: Called Strike 0-1: Ball 1-1: SINGLE (Groundball, 4D, EV 106.3 MPH) Jose Infante to third
|
|
Pitching: RHP Edgar Miranda
|
|
|
Batting: LHB Butch Kirby
|
0-0: Called Strike 0-1: Ball 1-1: Foul Ball, location: 2F 1-2: Strikes out swinging
|
|
Batting: RHB Angel Rodriguez
|
0-0: Ground out 3-1 (Groundball, 34S, EV 86.3 MPH) Jose Infante scores Gary Miller-Jones to second
|
|
Batting: RHB Jesus Alcala
|
0-0: Swinging Strike 0-1: Ball 1-1: Ball 2-1: Ball 3-1: Called Strike 3-2: Foul Ball, location: 2F 3-2: Base on Balls
|
|
Batting: RHB Jay Munson
|
0-0: Swinging Strike 0-1: Swinging Strike 0-2: Ball 1-2: Ball 2-2: Ground out U3 (Groundball, 34S, EV 76.9 MPH)
|
| Bottom of the 1st over - 6 runs, 4 hits, 0 errors, 2 left on base; Covington 0 - Blacksburg 6 |
| TOP OF THE 2ND |
|
Covington Blue Sox batting - Pitching for Blacksburg Tribe : RHP John Asbell
|
|
Batting: RHB Francisco Batista
|
0-0: Fly out, F8 (Flyball, 8RM, EV 80.6 MPH)
|
|
Batting: RHB Reginald Dewar
|
0-0: Ball 1-0: Called Strike 1-1: Foul Ball, location: 2F 1-2: DOUBLE (Line Drive, 7LD, EV 108.8 MPH)
|
|
Batting: RHB William Hoff
|
0-0: SINGLE (Flyball, 6D, EV 89.4 MPH) Reginald Dewar to third
|
|
Batting: RHB Kenneth Bodle
|
0-0: Ball 1-0: Swinging Strike 1-1: Foul Ball, location: 2F 1-2: SINGLE (Groundball, 34, EV 107.5 MPH) Reginald Dewar scores William Hoff to second Runner from 2nd tries for 3rd, SAFE, no throw by RF
|
|
Batting: LHB Scott Hood
|
0-0: Grounds into double play, 4-6-3 (Groundball, 4, EV 82.5 MPH)
|
| Top of the 2nd over - 1 run, 3 hits, 0 errors, 1 left on base; Covington 1 - Blacksburg 6 |
| BOTTOM OF THE 2ND |
|
Blacksburg Tribe batting - Pitching for Covington Blue Sox : RHP Edgar Miranda
|
|
Batting: LHB George Cecchetti
|
0-0: Ball 1-0: Called Strike 1-1: Called Strike 1-2: Ball 2-2: SINGLE (Groundball, P, EV 76.3 MPH) (infield hit)
|
|
Batting: RHB Alwin Creel
|
0-0: Foul Ball, location: 2F 0-1: Ball 1-1: Called Strike 1-2: Fly out, F9 (Flyball, 89M, EV 86.3 MPH)
|
|
Batting: RHB Omar Mora
|
0-0: Swinging Strike 0-1: Foul Ball, location: 2F 0-2: Ball 1-2: Ball 2-2: Strikes out swinging
|
|
Batting: LHB Jose Infante
|
0-0: Ball George Cecchetti steals 2nd base 1-0: Ball 2-0: Fly out, F8 (Flyball, 8RD, EV 84.4 MPH)
|
| Bottom of the 2nd over - 0 runs, 1 hit, 0 errors, 1 left on base; Covington 1 - Blacksburg 6 |
| TOP OF THE 3RD |
|
Covington Blue Sox batting - Pitching for Blacksburg Tribe : RHP John Asbell
|
|
Batting: SHB Sam Haro
|
0-0: Foul Ball, location: 2F 0-1: Ball 1-1: Fly out, F1 (Line Drive, P, EV 70.6 MPH)
|
|
Batting: RHB Douglas Palmer
|
0-0: Called Strike 0-1: Foul Ball, location: 2F 0-2: Foul Ball, location: 2F 0-2: Ground out 6-3 (Groundball, 6MS, EV 78.8 MPH)
|
|
Batting: RHB Joseph Tarver
|
0-0: Ball 1-0: Foul Ball, location: 2F 1-1: Foul Ball, location: 2F 1-2: Strikes out looking
|
| Top of the 3rd over - 0 runs, 0 hits, 0 errors, 0 left on base; Covington 1 - Blacksburg 6 |
| BOTTOM OF THE 3RD |
|
Blacksburg Tribe batting - Pitching for Covington Blue Sox : RHP Edgar Miranda
|
|
Batting: SHB Gary Miller-Jones
|
0-0: Called Strike 0-1: Swinging Strike 0-2: Strikes out swinging
|
|
Batting: LHB Butch Kirby
|
0-0: Called Strike 0-1: Called Strike 0-2: Foul Ball, location: 2F 0-2: Ball 1-2: Ball 2-2: Ball 3-2: Strikes out looking
|
|
Batting: RHB Angel Rodriguez
|
0-0: SINGLE (Groundball, 56D, EV 95.0 MPH)
|
|
Batting: RHB Jesus Alcala
|
0-0: Fielders Choice at 2nd, 5-4 (Groundball, 5L, EV 86.9 MPH)
|
| Bottom of the 3rd over - 0 runs, 1 hit, 0 errors, 1 left on base; Covington 1 - Blacksburg 6 |
| TOP OF THE 4TH |
|
Covington Blue Sox batting - Pitching for Blacksburg Tribe : RHP John Asbell
|
|
Batting: LHB Tito Nanni
|
0-0: Foul Ball, location: 2F 0-1: Called Strike 0-2: Ball 1-2: Ground out 6-3 (Groundball, 6MS, EV 66.3 MPH)
|
|
Batting: RHB Francisco Batista
|
0-0: Called Strike 0-1: Fly out, F8 (Line Drive, 8LM, EV 90.6 MPH)
|
|
Batting: RHB Reginald Dewar
|
0-0: Ball 1-0: Foul Ball, location: 2F 1-1: Foul Ball, location: 2F 1-2: Fly out, F7 (Flyball, 7LS, EV 78.8 MPH)
|
| Top of the 4th over - 0 runs, 0 hits, 0 errors, 0 left on base; Covington 1 - Blacksburg 6 |
| BOTTOM OF THE 4TH |
|
Blacksburg Tribe batting - Pitching for Covington Blue Sox : RHP Edgar Miranda
|
|
Batting: RHB Jay Munson
|
0-0: Ball 1-0: Ball 2-0: SINGLE (Groundball, 4MD, EV 95.6 MPH)
|
|
Batting: LHB George Cecchetti
|
0-0: Ball Jay Munson steals 2nd base 1-0: Ball 2-0: Foul Ball, location: 2F 2-1: Ball 3-1: SINGLE (Line Drive, 8LS, EV 90.6 MPH) Jay Munson to third Runner from 3rd tries for Home, SAFE, throw by CF to home
|
|
Batting: RHB Alwin Creel
|
0-0: Ball 1-0: Ball 2-0: Swinging Strike 2-1: Fly out, F6 (Popup, 6, EV 56.9 MPH)
|
|
Batting: RHB Omar Mora
|
0-0: Ball George Cecchetti steals 2nd base 1-0: Ground out 6-3 (Groundball, 6S, EV 73.8 MPH) George Cecchetti to third
|
|
Batting: LHB Jose Infante
|
0-0: Ball 1-0: Called Strike 1-1: Hit by Pitch
|
|
Batting: SHB Gary Miller-Jones
|
0-0: Fly out, F8 (Flyball, 8RD, EV 102.5 MPH)
|
| Bottom of the 4th over - 1 run, 2 hits, 0 errors, 2 left on base; Covington 1 - Blacksburg 7 |
| TOP OF THE 5TH |
|
Covington Blue Sox batting - Pitching for Blacksburg Tribe : RHP John Asbell
|
|
Batting: RHB William Hoff
|
0-0: Ball 1-0: Swinging Strike 1-1: Swinging Strike 1-2: Foul Ball, location: 2F 1-2: Strikes out swinging
|
|
Batting: RHB Kenneth Bodle
|
0-0: Called Strike 0-1: Swinging Strike 0-2: Fly out, F4 (Line Drive, 4, EV 67.5 MPH)
|
|
Batting: LHB Scott Hood
|
0-0: Foul Ball, location: 2F 0-1: Foul Ball, location: 2F 0-2: Fly out, F9 (Line Drive, 9, EV 98.8 MPH)
|
| Top of the 5th over - 0 runs, 0 hits, 0 errors, 0 left on base; Covington 1 - Blacksburg 7 |
| BOTTOM OF THE 5TH |
|
Blacksburg Tribe batting - Pitching for Covington Blue Sox : RHP Edgar Miranda
|
|
Batting: LHB Butch Kirby
|
0-0: Swinging Strike 0-1: Called Strike 0-2: Reached on error, E6 (Groundball, 6M, EV 81.3 MPH)
|
|
Batting: RHB Angel Rodriguez
|
0-0: Ball 1-0: Ground out 6-3 (Groundball, 6, EV 101.3 MPH)
|
|
Batting: RHB Jesus Alcala
|
0-0: Ball 1-0: Called Strike 1-1: Ball 2-1: Ball 3-1: Base on Balls
|
|
Batting: RHB Jay Munson
|
0-0: Called Strike 0-1: Fly out, F7 (Line Drive, 7, EV 96.9 MPH)
|
|
Batting: LHB George Cecchetti
|
0-0: Ball 1-0: Ball 2-0: Ball 3-0: Called Strike 3-1: Base on Balls Butch Kirby to third Jesus Alcala to second
|
|
Batting: RHB Alwin Creel
|
0-0: Ball 1-0: Ball 2-0: Called Strike 2-1: Ball 3-1: Foul Ball, location: 2F 3-2: Base on Balls Butch Kirby scores Jesus Alcala to third George Cecchetti to second
|
|
Batting: RHB Omar Mora
|
0-0: Swinging Strike 0-1: Foul Ball, location: 2F 0-2: Ball 1-2: SINGLE (Flyball, 89S, EV 98.8 MPH) Jesus Alcala scores George Cecchetti to third Alwin Creel to second Runner from 3rd tries for Home, SAFE, throw by RF to home
|
|
Pitching: RHP Leo Lopez
|
|
|
Batting: LHB Jose Infante
|
0-0: Ball 1-0: Foul Ball, location: 2F 1-1: TRIPLE (Flyball, 89XD, EV 93.1 MPH) Alwin Creel scores Omar Mora scores
|
|
Batting: SHB Gary Miller-Jones
|
0-0: Ball 1-0: Called Strike 1-1: Ground out 6-3 (Groundball, 6S, EV 83.1 MPH)
|
| Bottom of the 5th over - 5 runs, 2 hits, 1 error, 1 left on base; Covington 1 - Blacksburg 12 |
| TOP OF THE 6TH |
|
Covington Blue Sox batting - Pitching for Blacksburg Tribe : RHP John Asbell
|
|
Batting: SHB Sam Haro
|
0-0: Foul Ball, location: 2F 0-1: Ball 1-1: Swinging Strike 1-2: Foul Ball, location: 2F 1-2: Ball 2-2: Ball 3-2: Base on Balls
|
|
Batting: RHB Douglas Palmer
|
0-0: Ball 1-0: Called Strike 1-1: Ball Sam Haro steals 2nd base 2-1: Ground out 1-3 (Groundball, 34S, EV 64.4 MPH) Sam Haro to third
|
|
Batting: RHB Joseph Tarver
|
0-0: Ball 1-0: Foul Ball, location: 2F 1-1: Called Strike 1-2: Foul Ball, location: 2F 1-2: Strikes out swinging
|
|
Batting: LHB Tito Nanni
|
0-0: Ball 1-0: Foul Ball, location: 2F 1-1: Ball 2-1: DOUBLE (Flyball, 7D, EV 78.8 MPH) Sam Haro scores
|
|
Batting: RHB Francisco Batista
|
0-0: Fly out, F6 (Line Drive, 6, EV 68.8 MPH)
|
| Top of the 6th over - 1 run, 1 hit, 0 errors, 1 left on base; Covington 2 - Blacksburg 12 |
| BOTTOM OF THE 6TH |
|
Blacksburg Tribe batting - Pitching for Covington Blue Sox : RHP Leo Lopez
|
|
Batting: LHB Butch Kirby
|
0-0: TRIPLE (Line Drive, 8RXD, EV 102.5 MPH)
|
|
Batting: RHB Angel Rodriguez
|
0-0: 2-RUN HOME RUN (Flyball, 7D, EV 103.1 MPH), Distance : 392 ft
|
|
Batting: RHB Jesus Alcala
|
0-0: Called Strike 0-1: Ground out 6-3 (Groundball, 6S, EV 87.5 MPH)
|
|
Batting: RHB Jay Munson
|
0-0: Ball 1-0: Fly out, F6 (Flyball, 56D, EV 83.1 MPH)
|
|
Batting: LHB George Cecchetti
|
0-0: Foul Ball, location: 2F 0-1: Called Strike 0-2: Fly out, F5 (Flyball, 5D, EV 91.9 MPH)
|
| Bottom of the 6th over - 2 runs, 2 hits, 0 errors, 0 left on base; Covington 2 - Blacksburg 14 |
| TOP OF THE 7TH |
|
Covington Blue Sox batting - Pitching for Blacksburg Tribe : RHP John Asbell
|
|
Pinch Hitting: RHB Jorge Pena
|
0-0: Called Strike 0-1: Ball 1-1: Called Strike 1-2: Ball 2-2: Foul Ball, location: 2F 2-2: Ground out 6-3 (Groundball, 6, EV 83.8 MPH)
|
|
Batting: RHB William Hoff
|
0-0: Called Strike 0-1: Swinging Strike 0-2: Ball 1-2: Ball 2-2: Ball 3-2: Strikes out swinging
|
|
Pinch Hitting: LHB Onesimo Perez
|
0-0: Ball 1-0: Swinging Strike 1-1: Foul Ball, location: 2F 1-2: Strikes out swinging
|
| Top of the 7th over - 0 runs, 0 hits, 0 errors, 0 left on base; Covington 2 - Blacksburg 14 |
| BOTTOM OF THE 7TH |
|
Blacksburg Tribe batting - Pitching for Covington Blue Sox : RHP Leo Lopez
|
|
Now at 1B: Onesimo Perez
|
|
|
Now in CF: Keith Vranesh
|
|
|
Batting: RHB Alwin Creel
|
0-0: Called Strike 0-1: Ball 1-1: Foul Ball, location: 2F 1-2: Ball 2-2: Ground out 4-3 (Groundball, 4, EV 89.4 MPH)
|
|
Batting: RHB Omar Mora
|
0-0: Ball 1-0: SINGLE (Line Drive, 78S, EV 111.9 MPH)
|
|
Pinch Hitting: RHB Dave Morris
|
0-0: Foul Ball, location: 2F 0-1: Ball 1-1: Fly out, F8 (Flyball, 78D, EV 87.5 MPH)
|
|
Batting: SHB Gary Miller-Jones
|
0-0: Foul Ball, location: 2F 0-1: Fly out, F7 (Line Drive, 7, EV 105.0 MPH)
|
| Bottom of the 7th over - 0 runs, 1 hit, 0 errors, 1 left on base; Covington 2 - Blacksburg 14 |
| TOP OF THE 8TH |
|
Covington Blue Sox batting - Pitching for Blacksburg Tribe : RHP John Asbell
|
|
Now in CF: Dave Morris
|
|
|
Batting: LHB Scott Hood
|
0-0: Fly out, F8 (Flyball, 8LM, EV 86.9 MPH)
|
|
Batting: SHB Sam Haro
|
0-0: Called Strike 0-1: Foul Ball, location: 2F 0-2: Foul Ball, location: 2F 0-2: Ground out U3 (Groundball, 3L, EV 85.0 MPH)
|
|
Pinch Hitting: RHB Pride Evans
|
0-0: Swinging Strike 0-1: Called Strike 0-2: Strikes out swinging
|
| Top of the 8th over - 0 runs, 0 hits, 0 errors, 0 left on base; Covington 2 - Blacksburg 14 |
| BOTTOM OF THE 8TH |
|
Blacksburg Tribe batting - Pitching for Covington Blue Sox : RHP Leo Lopez
|
|
Now at 2B: Pride Evans
|
|
|
Batting: LHB Butch Kirby
|
0-0: Called Strike 0-1: Fly out, F3 (Line Drive, 3, EV 73.8 MPH)
|
|
Batting: RHB Angel Rodriguez
|
0-0: Ball 1-0: Fly out, F8 (Flyball, 8LM, EV 81.9 MPH)
|
|
Batting: RHB Jesus Alcala
|
0-0: Ball 1-0: Foul Ball, location: 2F 1-1: Swinging Strike 1-2: Ball 2-2: SINGLE (Groundball, 56D, EV 96.3 MPH)
|
|
Batting: RHB Jay Munson
|
0-0: Ball 1-0: Called Strike 1-1: Ball 2-1: Ground out 4-3 (Groundball, 34, EV 85.0 MPH)
|
| Bottom of the 8th over - 0 runs, 1 hit, 0 errors, 1 left on base; Covington 2 - Blacksburg 14 |
| TOP OF THE 9TH |
|
Covington Blue Sox batting - Pitching for Blacksburg Tribe : RHP John Asbell
|
|
Pinch Hitting: RHB Warren Skelton
|
0-0: Foul Ball, location: 2F 0-1: Ball 1-1: Called Strike 1-2: Ball 2-2: Foul Ball, location: 2F 2-2: SINGLE (Groundball, 56D, EV 106.9 MPH)
|
|
Batting: LHB Tito Nanni
|
0-0: Ball 1-0: Foul Ball, location: 2F 1-1: Foul Ball, location: 2F 1-2: Foul Ball, location: 2F 1-2: Foul Ball, location: 2F 1-2: Foul Ball, location: 2F 1-2: Ball 2-2: Foul Ball, location: 2F 2-2: 2-RUN HOME RUN (Flyball, 9D, EV 95.0 MPH), Distance : 390 ft
|
|
Batting: RHB Francisco Batista
|
0-0: Called Strike 0-1: Swinging Strike 0-2: SOLO HOME RUN (Flyball, 78XD, EV 95.0 MPH), Distance : 446 ft
|
|
Batting: RHB Keith Vranesh
|
0-0: Ball 1-0: Called Strike 1-1: Ball 2-1: Foul Ball, location: 2F 2-2: Ball 3-2: Foul Ball, location: 2F 3-2: Base on Balls
|
|
Pitching: RHP Ray Soff
|
|
|
Batting: RHB William Hoff
|
0-0: Called Strike 0-1: Foul Ball, location: 2F 0-2: Ball 1-2: Ball 2-2: Foul Ball, location: 2F 2-2: Single, Error in OF, E7, batter to second base (Groundball, 56D, EV 107.5 MPH) Keith Vranesh to third
|
|
Batting: LHB Onesimo Perez
|
0-0: Called Strike 0-1: Ball 1-1: Ball 2-1: Fly out, F5 (Flyball, 5D, EV 81.9 MPH)
|
|
Batting: LHB Scott Hood
|
0-0: Ball 1-0: Swinging Strike 1-1: Ball 2-1: Swinging Strike 2-2: Ball 3-2: 3-RUN HOME RUN (Flyball, 89XD, EV 96.9 MPH), Distance : 429 ft
|
|
Batting: SHB Sam Haro
|
0-0: Ball 1-0: Called Strike 1-1: Called Strike 1-2: Foul Ball, location: 2F 1-2: Strikes out swinging
|
|
Batting: RHB Pride Evans
|
0-0: Foul Ball, location: 2F 0-1: Foul Ball, location: 2F 0-2: Strikes out swinging
|
| Top of the 9th over - 6 runs, 5 hits, 1 error, 0 left on base; Covington 8 - Blacksburg 14 |
|